 Dungeon Crawl Stone Soup version 0.14-a0-1192-g192f278 (webtiles) character file.

323 PolkaDot the Vexing (level 5, 0/55 HPs)
             Began as a Vampire Arcane Marksman on Nov 30, 2013.
             Was an Initiate of Okawaru.
             Killed by divine providence
             ... invoked by an orc priest
              (10 damage)
             ... on Level 4 of the Dungeon.
             The game lasted 00:08:57 (2565 turns).

PolkaDot the Vexing (Vampire Arcane Marksman)       Turns: 2565, Time: 00:08:58

HP   0/55        AC 22     Str 10      XL: 5   Next: 14%
MP   8/17        EV  1     Int 15      God: Okawaru [......]
Gold 168         SH  0     Dex 14      Spells:  3 memorised,  1 level left

rFire  + . .     SeeInvis +     (no weapon)
rCold  . . .     Clarity  .     f - melded +0 robe
rNeg   + + +     Conserve .     (no shield)
rPois  +         rCorr    .     (no helmet)
rElec  .         rRot     .     (cloak currently unavailable)
SustAb . .       Spirit   .     u - melded +2 pair of gauntlets
rMut   .         Warding  .     (boots currently unavailable)
Saprov . . .     NoTele   +     (no amulet)
                                m - ring of protection from fire {unknown}
                                r - ring of magical power

@: tree-form, slightly resistant to hostile enchantments, unstealthy
A: (fangs 0), see invisible, (unbreathing)
a: Bat Form, Renounce Religion


You were on level 4 of the Dungeon.
You worshipped Okawaru.
Okawaru was noncommittal.
You were not thirsty.
You were an animated tree.
You visited 1 branch of the dungeon, and saw 4 of its levels.

You collected 168 gold pieces.

Inventory:

Hand weapons
 b - a +0,+0 bow
Missiles
 c - 26 arrows
Armour
 f - a +0 robe (melded)
 u - a +2 pair of gauntlets (melded)
Scrolls
 h - 4 scrolls of identify {unknown}
 k - a scroll of blinking {unknown}
 l - 3 scrolls of remove curse {unknown}
 n - a scroll of curse armour {unknown}
 p - a scroll of enchant armour {unknown}
 v - a scroll of enchant weapon I {unknown}
 x - 3 scrolls of teleportation {unknown}
Jewellery
 m - a ring of protection from fire (right branch) {unknown}
 r - a ring of magical power (left branch)
Potions
 e - 3 potions of curing {unknown}
 g - 2 potions of restore abilities {unknown}
 i - a potion of speed {unknown}
 o - a potion of paralysis {unknown}
 q - a potion of cure mutation {unknown}
 s - a potion of flight {unknown}
 t - a potion of heal wounds {unknown}
 w - a potion of agility {unknown}
 z - a potion of degeneration {unknown}
 A - a potion of beneficial mutation {unknown}
Books
 d - a book of Debilitation

   Spells                             Type                      Level
   *Corona                            Hexes                        1
   *Slow                              Hexes                        2
   Inner Flame                        Hexes/Fire                   3
   Enslavement                        Hexes                        4
   *Cause Fear                        Hexes                        4
   Leda's Liquefaction                Hexes/Earth                  4


   Skills:
 - Level 0.8 Fighting
 * Level 3.8 Bows
 - Level 2.1 Dodging
 - Level 2.0 Spellcasting
 + Level 5.8 Hexes


You had one spell level left.
You knew the following spells:

 Your Spells              Type           Power        Failure   Level  Hunger
a - Corona                Hex            ###....      1%          1    N/A
e - Cause Fear            Hex            ###.......   24%         4    N/A
s - Slow                  Hex            ###.....     3%          2    N/A

Dungeon Overview and Level Annotations

Branches:
Dungeon (4/16)
 Temple: D:4-7

Altars:
Ashenzari
Elyvilon
Fedhas
Kikubaaqudgha
Okawaru


Innate Abilities, Weirdness & Mutations

((You have razor-sharp teeth.))*
You have supernaturally acute eyesight.
((You can survive without breathing.))*


Message History

The orc priest hits you but does no damage.
The orc priest hits you.
* * * LOW HITPOINT WARNING * * *
The orc wizard hits you but does no damage.
Really attack while wielding your +0,+0 bow?
You are now empty-handed.
The orc priest hits you but does no damage.
You closely miss the orc priest.
The orc priest is severely wounded.
The orc priest calls upon Beogh to heal the orc priest.
The orc wizard's wounds heal themselves!
The orc wizard hits you but does no damage.
The orc hits you but does no damage.
Unknown command.
You hit the orc priest.
The orc priest is almost dead.
The orc priest hits you but does no damage.
The orc priest mumbles some strange prayers to Beogh against you.
Something smites you!
You die...

#.######.# #.# ..#......#
##(#### ###.#########
#...(...
............###.(..(...
###.#........##........#
###.#.#####..##........#
#...#.....#..##(........
#.#....##.#..##ooo.......
#......##.#....?♣#.####.
#.#...###.##.....o...#
..###.###........#.#....
#>.................?. ..
......########.....###
#.....# #....... #.##.##
#...... #.##.# #......
#.##.## ...<.


You could see 2 orc priests, an orc wizard (invisible) and an orc.

Vanquished Creatures
  An orc priest (D:3)
  An orc wizard (D:4)
  5 adders
  A worm (D:2)
  2 giant geckos
  An ooze (D:2)
  9 orcs (D:3)
  3 giant cockroaches
  5 hobgoblins
  A quokka (D:2)
  2 bats (D:1)
  2 giant newts
  2 goblins (D:1)
  7 rats
42 creatures vanquished.

Vanquished Creatures (others)
  4 toadstools (D:1)
4 creatures vanquished.

Grand Total: 46 creatures vanquished

Notes
Turn   | Place    | Note
--------------------------------------------------------------
     0 | D:1      | PolkaDot, the Vampire Arcane Marksman, began the quest for the Orb.
     0 | D:1      | Reached XP level 1. HP: 15/15 MP: 2/2
   314 | D:1      | Reached XP level 2. HP: 14/21 MP: 4/4
   638 | D:2      | Learned a level 2 spell: Slow
   638 | D:2      | Found a shattered altar of Ashenzari.
   666 | D:2      | Reached XP level 3. HP: 9/26 MP: 1/5
  1201 | D:2      | Reached skill level 5 in Hexes
  1465 | D:2      | Found a white marble altar of Elyvilon.
  1727 | D:3      | Found an iron altar of Okawaru.
  1738 | D:3      | Became a worshipper of Warmaster Okawaru
  1838 | D:3      | Reached XP level 4. HP: 32/32 MP: 7/7
  1844 | D:3      | Learned a level 4 spell: Cause Fear
  1876 | D:3      | Found an ancient bone altar of Kikubaaqudgha.
  1880 | D:3      | Found a blossoming altar of Fedhas.
  2544 | D:4      | Reached XP level 5. HP: 35/37 MP: 8/8
  2565 | D:4      | Killed from afar by an orc priest

Action                   |  1- 3 |  4- 6 || total
-------------------------+-------+-------++-------
Melee: Dagger            |    51 |       ||    51
       Bow               |       |     4 ||     4
       Unarmed           |       |     2 ||     2
 Fire: Bow               |    89 |    68 ||   157
 Cast: Corona            |    10 |     8 ||    18
       Slow              |     5 |     9 ||    14
  Use: Scroll            |     2 |       ||     2
       Potion            |     1 |     1 ||     2
